 Dungeon Crawl Stone Soup version 0.31-a0-1074-g0b22e4e0f1 (webtiles) character file.

Game seed: 17135910534033874754

1174 grandjackal the Reanimator (level 8, -17/63 (65) HPs)
             Began as a Demonspawn Necromancer on Nov 29, 2023.
             Demolished by Menkaure (23 damage)
             ... on level 5 of the Dungeon.
             The game lasted 00:08:09 (4055 turns).

grandjackal the Reanimator (Demonspawn Necromancer) Turns: 4055, Time: 00:08:09

HP:   -17/63 (65)   AC:  3    Str: 11    XL:     8   Next: 18%
MP:   11/11         EV: 12    Int: 19    God:
Gold: 295           SH:  0    Dex: 13    Spells: 3/11 levels left

rFire   . . .        t - +1 short sword (freeze)
rCold   . . .        (no shield)
rNeg    . . .        a - +0 robe
rPois   .            s - +0 helmet
rElec   .            (no cloak)
rCorr   .            (no gloves)
SInv    .            (no boots)
Will    .....        (no amulet)
Stlth   ++           (no ring)
HPRegen 0.30/turn    (no ring)
MPRegen 0.12/turn

%: no passive effects
@: attractive, lightly drained
A: hooves 2, big brain 1
a: no special abilities


You were on level 5 of the Dungeon.
You visited 1 branch of the dungeon, and saw 6 of its levels.

You collected 295 gold pieces.

Inventory:

Hand Weapons
 c - a +0 dagger
 o - a +0 hand axe
 q - a +3 dagger
 t - a +1 short sword of freezing (weapon)
Missiles
 k - 2 poisoned darts
Armour
 a - a +0 robe (worn)
 s - a +0 helmet (worn)
Jewellery
 e - a +6 ring of dexterity
Wands
 u - a wand of roots (6)
Scrolls
 d - 3 scrolls of identify {unknown}
 f - a scroll of amnesia {unknown}
 g - 2 scrolls of teleportation {unknown}
 h - 2 scrolls of fog {unknown}
 i - a scroll of poison {unknown}
 v - a scroll of enchant armour {unknown}
Potions
 m - a potion of degeneration {unknown}
 n - a potion of mutation {unknown}
 p - a potion of might {unknown}
 r - a potion of curing {unknown}


   Skills:
 + Level 6.7 Fighting
 - Level 1.7 Dodging
 - Level 1.7 Stealth
 - Level 2.0 Spellcasting
 + Level 8.8 Necromancy


You had 3 spell levels left.
You knew the following spells:

 Your Spells              Type           Power      Damage    Failure   Level
a - Necrotise             Necr           100%       1d9       1%          1
b - Vampiric Draining     Necr           35%        2d8       1%          3
c - Animate Dead          Necr           35%        N/A       4%          4

Your spell library contained the following spells:

 Spells                   Type           Power      Damage    Failure   Level
 Agony                    Necr           35%        N/A       12%         5
 Manifold Assault         Tloc           1%         N/A       86%         4
 Dispersal                Tloc           0%         N/A       100%        6
 Disjunction              Tloc           0%         N/A       100%        8


Dungeon Overview and Level Annotations

Branches:
Dungeon (6/15)
 Temple: D:4-7

Altars:

Annotations:
D:2 Sigmund
D:3 1 runed translucent door, Moreman's ghost, amateur AtFi
D:5 Menkaure


Innate Abilities, Weirdness & Mutations

You have hoof-like feet.
You have an unusually large brain. (Int +2)


Message History

The ufetubus hits Edmund. x2; Menkaure attacks as he pursues you!
Menkaure hits you.
* * * LOW HITPOINT WARNING * * *
The ufetubus attacks as it pursues you! The ufetubus hits you.
* * * LOW HITPOINT WARNING * * *
The ufetubus barely misses you.
The ufetubus hits you but does no damage.
The ufetubus barely misses you. Magic courses through your body.
The ufetubus hits you.
* * * LOW HITPOINT WARNING * * *
The ufetubus barely misses you.
Casting: Necrotise (safe; 1% risk of failure)
Confirm with . or Enter, or press ? or * to list all spells.
You can't see any susceptible monsters within range! (Use Z to cast anyway.) Unknown command.
Unknown command.
Okay, then.
Edmund hits the ufetubus but does no damage.
Menkaure calls on the powers of darkness!
Your body is wracked with pain!
* * * LOW HITPOINT WARNING * * *
Aiming: Fastroot
Press: ? - help, Shift-Dir - straight line, f - ufetubus
Aim: an ufetubus The roots erupt in riotous growth!
Roots grab the ufetubus. x2; Roots grab Menkaure.
The grasping roots constrict Menkaure.
The grasping roots constrict the ufetubus. x2
The ufetubus struggles to escape constriction. x2
Menkaure rustles, "From dust you came, to dust you will return."
Menkaure escapes!
The ufetubus escapes!
Unknown command.
Unknown command.
Unknown command.
Unknown command.
It was a potion of attraction.
You feel attractive to monsters.
The grasping roots constrict the ufetubus.
Menkaure hits you!!
You die...

### ##.#### ###
##.....##### ##.#
...........## ##.##
............####@##
.............##M##
..............55#
...............##
..............Z.##
...............).#
................Z#
.................#
................#......


You could see Menkaure (fast), 2 ufetubi and the friendly Edmund the human
skeleton.

Vanquished Creatures
  Edmund (D:5)
  A water moccasin (D:4)
  Duvessa (D:5)
  2 black bears
  An ice beast (D:5)
  2 scorpions
  A jelly (D:4)
  2 hounds
  4 iguanas
  Ijyb (D:4)
  3 orc wizards (D:4)
  2 adders
  A worm (D:3)
  4 dart slugs
  12 orcs (D:4)
  7 ball pythons
  A bat (D:3)
  3 endoplasms
  4 giant cockroaches
  7 goblins
  6 hobgoblins
  5 jackals
  2 quokkas
  3 frilled lizards
  4 kobolds
  3 rats
83 creatures vanquished.

Vanquished Creatures (collateral kills)
  Dowan (D:5)
  An orc wizard (D:4)
  2 endoplasms
  A jackal (D:1)
5 creatures vanquished.

Grand Total: 88 creatures vanquished

Notes
Turn   | Place    | Note
-------+----------+-------------------------------------------
     0 | D:1      | grandjackal the Demonspawn Necromancer began the quest for
                  | the Orb.
     0 | D:1      | Reached XP level 1. HP: 13/13 MP: 3/3
    83 | D:1      | Reached skill level 1 in Fighting
   110 | D:1      | Gained mutation: You have an unusually large brain. (Int
                  | +2) [demonic ancestry]
   110 | D:1      | Reached XP level 2. HP: 14/21 MP: 1/5
   757 | D:2      | Reached skill level 5 in Necromancy
   757 | D:2      | Gained mutation: You have large cloven feet. [demonic
                  | ancestry]
   757 | D:2      | Reached XP level 3. HP: 15/27 MP: 4/6
  1067 | D:2      | Noticed Sigmund
  1165 | D:2      | Learned a level 3 spell: Vampiric Draining
  1223 | D:3      | Reached XP level 4. HP: 14/34 MP: 2/7
  1868 | D:3      | Found a runed translucent door.
  1870 | D:3      | Noticed a water moccasin
  1871 | D:3      | Noticed Moreman's ghost (amateur AtFi)
  2250 | D:4      | Reached XP level 5. HP: 33/41 MP: 0/8
  2417 | D:4      | Noticed a water moccasin
  2424 | D:4      | Killed a water moccasin
  2425 | D:4      | Reached skill level 6 in Necromancy
  2425 | D:4      | Gained mutation: You have hoof-like feet. [demonic
                  | ancestry]
  2425 | D:4      | Reached XP level 6. HP: 19/48 MP: 1/9
  2566 | D:4      | Noticed Ijyb
  2581 | D:4      | Killed Ijyb
  3171 | D:4      | Reached skill level 7 in Necromancy
  3209 | D:4      | Learned a level 4 spell: Animate Dead
  3452 | D:4      | Reached skill level 5 in Fighting
  3452 | D:4      | Reached XP level 7. HP: 56/56 MP: 4/10
  3544 | D:5      | Entered Level 5 of the Dungeon
  3548 | D:5      | Noticed Duvessa
  3548 | D:5      | Noticed Dowan
  3558 | D:5      | Killed Duvessa
  3559 | D:5      | Killed Dowan
  3560 | D:5      | Reached skill level 8 in Necromancy
  3867 | D:5      | Reached XP level 8. HP: 65/65 MP: 7/11
  4038 | D:5      | Noticed Menkaure
  4039 | D:5      | Noticed Edmund
  4048 | D:5      | Killed Edmund
  4055 | D:5      | Demolished by Menkaure

Illustrated notes

Levels and vault maps discovered:
D:1:      ncdulo_lavacross, layout_rooms
D:2:      layout_rooms, basic_altar, uniq_sigmund
D:3:      layout_basic, ebering_ghost_inner_flame
D:4:      layout_loops_corners, uniq_ijyb
D:5:      layout_layer_cave, uniq_edmund, uniq_menkaure, uniq_duvessa
D:6:      layout_loops_ring, serial_shops, shop, nicolae_shop_gibbet_a_chance,
          nicolae_shop_hallway_plus, minmay_misc_feat_plants,
          uniq_crazy_yiuf_cottage

Skill      XL: |  1  2  3  4  5  6  7 |
---------------+----------------------+-----
Fighting       | 1 2 3 4 5 6 |  6.7
Necromancy     | 5 6 7 8 |  8.8
Dodging        | |  1.7
Stealth        | |  1.7
Spellcasting   | |  2.0

Action                     |  1- 3 |  4- 6 |  7- 9 || total
---------------------------+-------+-------+-------++-------
  Melee: Dagger            |    61 |    25 |       ||    86
         Kick              |     4 |    17 |     2 ||    23
         Short sword       |       |    48 |    13 ||    61
   Cast: Necrotise         |    44 |    67 |    22 ||   133
         Vampiric Draining |       |     1 |     5 ||     6
  Evoke: Wand              |       |     3 |     6 ||     9
    Use: Potion            |       |       |     2 ||     2
   Stab: Sleeping          |     1 |     2 |     1 ||     4
 Armour: Robe              |    41 |    46 |    35 ||   122
  Dodge: Dodged            |    49 |    44 |    35 ||   128

Table legend: (Time is in decaauts)
 A = Elapsed time spent in this place.
 B = Non-inter-level travel time spent in this place.
 C = Inter-level travel time spent in this place.
 D = Time resting spent in this place.
 E = Time spent auto-exploring this place.
 F = Levels seen in this place.
 G = Mean time per level.
                   A        B        C        D        E       F      G
               +--------+--------+--------+--------+--------+-----+--------+
         Total |   4052 |   3946 |    106 |   1043 |   2126 |   6 |  675.3 |
       Dungeon |   4052 |   3946 |    106 |   1043 |   2126 |   6 |  675.3 |
               +--------+--------+--------+--------+--------+-----+--------+

Top non-repeatable levels by time:
     D:4: 1506 daAuts
     D:3: 864 daAuts
     D:1: 768 daAuts
     D:5: 420 daAuts
     D:2: 403 daAuts
     D:6: 89 daAuts
